 Dungeon Crawl Stone Soup version 0.28-a0-823-gb444dcf96d (webtiles) character file.

Game seed: 7154507583994334296

401 ytrimaz the Insei (level 6, -1/47 HPs)
             Began as a Demigod Transmuter on Nov 9, 2021.
             Slain by Duvessa (11 damage)
             ... on level 5 of the Dungeon.
             The game lasted 00:09:35 (4422 turns).

ytrimaz the Insei (Demigod Transmuter)              Turns: 4422, Time: 00:09:36

Health: -1/47      AC:  6    Str: 11    XL:     6   Next: 29%
Magic:  14/15      EV: 13    Int: 23    God:
Gold:   182        SH:  5    Dex: 14    Spells: 8/12 levels left

rFire   . . .      SeeInvis .     - Unarmed
rCold   . . .      Faith    .   (no shield)
rNeg    . . .      Spirit   .   p - +2 robe {Archmagi}
rPois   .          Reflect  +   q - +2 hat
rElec   .          Harm     .   (no cloak)
rCorr   .          Rampage  .   (no gloves)
Will    +....      Archmagi +   (no boots)
Stlth   +.........              g - amulet of reflection
HPRegen 0.15/turn               h - ring of willpower
MPRegen 0.14/turn               (no ring)

@: on berserk cooldown, slowed, very slow
A: high mp 1, forlorn
a: no special abilities


You were on level 5 of the Dungeon.
You visited 1 branch of the dungeon, and saw 5 of its levels.

You collected 182 gold pieces.

Inventory:

Armour
 p - a +2 robe of the Archmagi (worn)
 q - a +2 hat (worn)
Jewellery
 g - an amulet of reflection (around neck)
 h - a ring of willpower (left hand)
 n - an amulet of regeneration
Wands
 a - a wand of flame (11)
 l - a wand of polymorph (11)
Scrolls
 d - 4 scrolls of magic mapping
 e - 3 scrolls of identify
 o - a scroll of vulnerability {unknown}
Potions
 b - 2 potions of berserk rage
 c - 2 potions of curing {unknown}
 f - 3 potions of attraction {unknown}
 i - a potion of degeneration {unknown}
 j - a potion of haste {unknown}
 k - a potion of cancellation {unknown}


   Skills:
 - Level 1.5 Fighting
 * Level 2.9 Dodging
 * Level 4.7 Unarmed Combat
 * Level 3.8 Spellcasting
 + Level 1.8 Transmutations


You had 8 spell levels left.
You knew the following spells:

 Your Spells              Type           Power      Damage    Failure   Level
a - Beastly Appendage     Tmut           38%        N/A       4%          1
b - Spider Form           Tmut/Pois      13%        N/A       22%         3

Your spell library contained the following spells:

 Spells                   Type           Power      Damage    Failure   Level
 Wereblood                Tmut           19%        N/A       8%          2
 Summon Small Mammal      Summ           24%        N/A       11%         1
 Summon Guardian Golem    Hex/Summ       6%         N/A       32%         3
 Ice Form                 Ice/Tmut       13%        N/A       58%         4
 Animate Armour           Summ/Erth      12%        N/A       71%         4
 Haunt                    Necr/Summ      3%         N/A       100%        7
 Monstrous Menagerie      Summ           3%         N/A       100%        7
 Summon Hydra             Summ           3%         N/A       100%        7


Dungeon Overview and Level Annotations

Branches:
Dungeon (5/15)
 Temple: D:4-7

Shops:
D:4 :   D:5 :

Annotations:
D:5 Dowan, Duvessa


Innate Abilities, Weirdness & Mutations

Your attributes grow dramatically as you level up.
You have an increased reservoir of magic. (+10% MP)
You shall have no god before yourself.


Message History

Dowan completely misses you.
You feel very sick. Dowan gestures at you while chanting.
The puff of frost reflects off an invisible shield around you!
The puff of frost hits Dowan!
You feel sick. Dowan casts a spell at you. The puff of frost misses you.
Your transformation has ended.
Your +2 hat unmelds from your body.
Your +2 robe of the Archmagi unmelds from your body.
You feel powerful.
You feel sick.
Unknown command.
You feel sick.
You feel sick.
It was a potion of berserk rage.
A red film seems to cover your vision as you go berserk!
You feel yourself moving faster!
You feel mighty!
You feel sick. The orc closely misses you.
You are too berserk!
Unknown command.
You feel a strong urge to attack something.
You feel sick.
The door flies open with a bang!
A gnoll comes into view. It is wielding a +3 spear.
You feel sick.
The gnoll shouts!
You hear a shout! x5
Found three items.
You are too berserk!
You feel your anger nearly subside.
You are no longer berserk.
You are exhausted.
You feel yourself slow down.
Okay, then.
As you read the scroll labelled SIT OXEOBEXI, it crumbles to dust.
The scroll dissolves into smoke.
It was a scroll of fog.
You feel sick.
You are no longer poisoned.
You block the orc's attack.
Something unseen breaks down the door.
Something unseen breaks down the door.
Duvessa hits you with a +5 rapier of venom!
You die...

+[.'..####..#.).#
#.e'..)..#...#
######..####...# +
#..........'†..# #.
#.e..####..#)..#
###'##e####..'.######
#.g§§§§'. #).#.'†..#
#)..#oe# ####.#...#
##+ #@## #(.#.##+##
#§§# #.)'..# #§§#
#..#..# . ##.#
####..#####. #.#
#.....'...#. +..
.....####...#. ###
..#+# #)###. # #..#..
####..'..


You could see Duvessa (very poisoned) and an orc.

Vanquished Creatures
  Sigmund (D:4)
  A scorpion (D:4)
  Crazy Yiuf (D:4)
  A hound skeleton (D:4)
  5 adders
  A shadow imp (D:4)
  A worm (D:3)
  2 dart slugs
  5 orcs
  5 ball pythons
  7 endoplasms
  3 giant cockroaches
  7 goblins
  6 hobgoblins
  8 jackals
  5 kobolds
  5 quokkas
  5 bats
  5 frilled lizards
  5 rats
79 creatures vanquished.

Vanquished Creatures (others)
  A plant (D:5)
1 creature vanquished.

Grand Total: 80 creatures vanquished

Notes
Turn   | Place    | Note
-------+----------+-------------------------------------------
     0 | D:1      | ytrimaz the Demigod Transmuter began the quest for the Orb.
     0 | D:1      | Reached XP level 1. HP: 15/15 MP: 5/5
   254 | D:1      | Reached skill level 1 in Fighting
   376 | D:1      | Reached skill level 3 in Unarmed Combat
   414 | D:1      | Reached XP level 2. HP: 19/23 MP: 5/7
  1117 | D:2      | Reached XP level 3. HP: 22/28 MP: 6/8
  1121 | D:2      | Learned a level 3 spell: Spider Form
  2632 | D:3      | Identified a scroll of acquirement
  2872 | D:3      | Acquired ytrimaz's Tome of Summoning
  2978 | D:4      | Reached XP level 4. HP: 34/35 MP: 8/10
  3185 | D:4      | Found Qytaet's Book Emporium.
  3371 | D:4      | Reached XP level 5. HP: 40/40 MP: 8/12
  3555 | D:4      | Reached skill level 4 in Unarmed Combat
  3888 | D:4      | Noticed Sigmund
  3900 | D:4      | Killed Sigmund
  3901 | D:4      | Reached XP level 6. HP: 23/47 MP: 10/14
  4140 | D:4      | Found a runed translucent door.
  4141 | D:4      | Noticed Crazy Yiuf
  4151 | D:4      | Killed Crazy Yiuf
  4203 | D:5      | Entered Level 5 of the Dungeon
  4203 | D:5      | Found Bohyupt's Book Shoppe.
  4402 | D:5      | Noticed Duvessa
  4402 | D:5      | Noticed Dowan
  4422 | D:5      | Slain by Duvessa

Illustrated notes

Levels and vault maps discovered:
D:1:      dpeg_arrival_ternary, layout_basic, grunt_decor_fettered
D:2:      layout_basic, minmay_tromino_i2
D:3:      layout_loops_ring, nicolae_wu_jian_immortal_techniques,
          portal_sewer_entry_d, dreamdust_ecumenical_altar_angels_and_demons,
          kennysheep_generic_room_10
D:4:      layout_loops_cross, serial_shops, kennysheep_mini_moat,
          item_on_display_a, uniq_crazy_yiuf_cottage, uniq_sigmund
D:5:      corexii_shantytown, layout_basic, serial_shops, shop, uniq_duvessa

Skill      XL: |  1  2  3  4  5 |
---------------+----------------+-----
Fighting       | 1 |  1.5
Unarmed Combat | 3 4 |  4.7
Dodging        | 2 |  2.9
Spellcasting   | 2 3 |  3.8
Transmutations | |  1.8

Action                   |  1- 3 |  4- 6 || total
-------------------------+-------+-------++-------
Melee: Unarmed           |   128 |    75 ||   203
       Kick              |    18 |     4 ||    22
       Headbutt          |    12 |     1 ||    13
       Punch             |     1 |     1 ||     2
       Dagger            |       |    12 ||    12
 Cast: Beastly Appendage |    44 |     4 ||    48
       Spider Form       |     2 |    13 ||    15
  Use: Scroll            |     3 |     1 ||     4
       Potion            |       |     1 ||     1
Armor: Robe              |    16 |     4 ||    20
       Skin              |     1 |     1 ||     2
Dodge: Dodged            |    72 |    58 ||   130
Block: Other             |    14 |    25 ||    39
       Reflection        |       |     1 ||     1

Table legend: (Time is in decaauts)
 A = Elapsed time spent in this place.
 B = Non-inter-level travel time spent in this place.
 C = Inter-level travel time spent in this place.
 D = Time resting spent in this place.
 E = Time spent auto-exploring this place.
 F = Levels seen in this place.
 G = Mean time per level.
                   A        B        C        D        E       F      G
               +--------+--------+--------+--------+--------+-----+--------+
         Total |   4412 |   4314 |     98 |      0 |   3647 |   5 |  882.4 |
       Dungeon |   4412 |   4314 |     98 |      0 |   3647 |   5 |  882.4 |
               +--------+--------+--------+--------+--------+-----+--------+

Top non-repeatable levels by time:
     D:4: 1225 daAuts
     D:3: 1128 daAuts
     D:1: 976 daAuts
     D:2: 865 daAuts
     D:5: 216 daAuts
